 Dungeon Crawl Stone Soup version 0.28.0-62-gf88900778d (webtiles) character file.

Game seed: 10862519980883856747

253334 tkbsonic5 the Executioner (level 19, 0/183 HPs)
             Began as a Hill Orc Berserker on Mar 3, 2023.
             Was a High Priest of Trog.
             Killed from afar by a spark wasp (3 damage)
             ... with a living lightning
             ... on level 3 of the Depths on Mar 11, 2023.
             The game lasted 03:13:02 (50857 turns).

tkbsonic5 the Executioner (Hill Orc Berserker)     Turns: 50857, Time: 03:13:03

Health: 0/183      AC: 32    Str: 37    XL:     19   Next: 71%
Magic:  19/19      EV: 10    Int:  3    God:    Trog [*****.]
Gold:   841        SH:  5    Dex: 10    Spells: 18/18 levels left

rFire   + + +      SeeInvis .   i - +9 battleaxe (freeze) {Cold Storm Bat}
rCold   + + .      Faith    .   (shield currently unavailable)
rNeg    . . .      Spirit   .   n - +2 gold dragon scales {Scintillating Snakebites Uniform}
rPois   +          Reflect  +   E - +1 helmet {SSB Helmet}
rElec   +          Harm     .   t - scarf {rC+ rF+}
rCorr   .          Rampage  .   T - +1 pair of gloves "Cehotile" {Str+3, Power Mitts}
Will    +++..                   o - +2 pair of boots
Stlth   ..........              X - amulet of reflection {Line Drive Amulet}
HPRegen 1.40/turn               N - ring of protection from cold
MPRegen 0.16/turn               R - ring of Zigu {Fire rElec Str+6 Int-4 Slay+2}

@: strong-willed, on berserk cooldown, regenerating
A: no striking features
}: 2/15 runes: decaying, serpentine
a: Renounce Religion, Berserk, Trog's Hand, Brothers in Arms


You were on level 3 of the Depths.
You worshipped Trog.
Trog was extremely pleased with you.
You visited 6 branches of the dungeon, and saw 34 of its levels.

You collected 2944 gold pieces.
You spent 2103 gold pieces at shops.

Inventory:

Hand Weapons
 i - a +9 battleaxe of freezing (weapon) {Cold Storm Bat}
 k - a +0 mace of protection
 m - a +2 antimagic broad axe
 p - a +2 vorpal hand crossbow
 u - a +4 antimagic battleaxe
 C - the +7 executioner's axe of the Wasteland {vorpal, Str+3}
   (Trog gifted it to you on level 14 of the Dungeon)

   It inflicts extra damage upon your enemies.
   Str:       It affects your strength (+3).
 G - a -2 triple crossbow
Missiles
 l - 3 poisoned darts
 B - 487 bolts
 D - 5 boomerangs (quivered) {Baseball}
 M - a javelin
Armour
 n - +2 gold dragon scales (worn) {Scintillating Snakebites Uniform}
 o - a +2 pair of boots (worn)
 t - a scarf of resistance (worn)
 x - a +2 kite shield
 z - a scarf of invisibility
 E - a +1 helmet (worn) {SSB Helmet}
 L - the +1 pair of gloves "Nuiklan" {rCorr Int+4}
   (You acquired it on level 1 of the Snake Pit)

   Int:       It affects your intelligence (+4).
   rCorr:     It protects you from acid and corrosion.
 T - the +1 pair of gloves "Cehotile" (worn) {Str+3, Power Mitts}
   (You found it on level 3 of the Snake Pit)

   Str:       It affects your strength (+3).
 V - a +2 tower shield
 Z - a +0 cloak of willpower
Jewellery
 d - a ring of ice
 e - a +4 ring of evasion
 g - a +6 ring of strength
 j - a ring of willpower
 q - a ring of positive energy
 y - a +4 ring of evasion
 K - a ring of positive energy
 N - a ring of protection from cold (left hand)
 P - an amulet of faith
 R - the ring of Zigu (right hand) {Fire rElec Str+6 Int-4 Slay+2}
   (You bought it in a shop on level 4 of the Dungeon)

   [ring of fire]

   It enhances your fire magic.
   Str:       It affects your strength (+6).
   Int:       It affects your intelligence (-4).
   Slay:      It affects your accuracy & damage with ranged weapons and melee
   (+2).
   rF:        It protects you from fire.
   rC:        It makes you vulnerable to cold.
   rElec:     It insulates you from electricity.
 X - an amulet of reflection (around neck) {Line Drive Amulet}
Wands
 b - a wand of digging (28)
Scrolls
 c - 12 scrolls of identify
 I - 6 scrolls of teleportation
 S - 2 scrolls of silence
 W - a scroll of holy word
Potions
 a - 2 potions of heal wounds
 f - a potion of resistance
 r - 3 potions of might
 v - 12 potions of curing
 w - 3 potions of berserk rage
 A - 2 potions of attraction
 F - a potion of flight
 H - a potion of cancellation
 U - a potion of invisibility
Miscellaneous
 h - a phial of floods
 J - a lightning rod (2/4)
 Q - a tin of tremorstones (inert)


   Skills:
 * Level 19.3 Fighting
 + Level 23.3 Axes
 + Level 10.7 Crossbows
 * Level 9.0 Throwing
 * Level 17.1 Armour
 * Level 8.2 Dodging
 - Level 8.6 Shields
 * Level 5.8 Evocations


You had 18 spell levels left.
You didn't know any spells.
Your spell library was empty.

Dungeon Overview and Level Annotations

Branches:
Dungeon (15/15)            Temple (0/1) D:4            Lair (6/6) D:10
  Swamp (4/4) Lair:3        Snake (4/4) Lair:2        Slime (0/5) Lair:5
    Orc (2/2) D:12            Elf (0/3) Orc:2        Vaults (0/5) D:13
 Depths (3/4) D:15

Altars:
Fedhas
Hepliaklqana
Vehumet
Jiyva

Shops:
D:4 =?:   D:9 ?*[*?   D:10 *   D:12 !   Orc:2 *(*((?((!   Snake:1 [

Portals:
Hell: Depths:1 Depths:2
Abyss: D:3 Depths:1
Pandemonium: Depths:2
Trove: D:14 (give +3 storm dragon scales)

Annotations:
D:3 2 transporters, jjjjhere's ghost, amateur OgAM
D:13 1 runed translucent door
D:15 exclusion: oklob plant


Message History

You kill the spark wasp!
Trog accepts your kill. The spark wasp stings you! The spark wasp shocks you.
You resist.
Your Throwing skill increases to level 9!
Unknown command.
You open the spark wasp like a pillowcase!!!
You freeze the spark wasp!!
The spark wasp is almost dead.
The spark wasp stings you!
* * * LOW HITPOINT WARNING * * *
The spark wasp shocks you. You resist.
* * * LOW HITPOINT WARNING * * *
The spark wasp bursts into living lightning!
The living lightning hits you. You resist.
* * * LOW HITPOINT WARNING * * *
The spark wasp blinks!
Okay, then.
Okay, then.
Your magical effects are unravelling.
You feel magically purged.
You feel yourself speed up.
The spark wasp stings you but does no damage.
The spark wasp stings you!
* * * LOW HITPOINT WARNING * * *
The spark wasp shocks you. You resist.
* * * LOW HITPOINT WARNING * * *
The spark wasp stings you!
* * * LOW HITPOINT WARNING * * *
The spark wasp shocks you. You resist.
* * * LOW HITPOINT WARNING * * *
The spark wasp stings you.
* * * LOW HITPOINT WARNING * * *
The spark wasp shocks you. You resist.
* * * LOW HITPOINT WARNING * * *
Okay, then.
As you read the scroll of fear, it crumbles to dust.
You assume a fearsome visage.
The spark wasp looks frightened! x3
The spark wasp bursts into living lightning!
The living lightning hits you. You resist.
You die...

####?.#..###..#
...#.. .#..#..#
#...
....##..####.##
#..# .....#..
#)# ##..
......# #.# #..
##..... #. ###
#^...# #..
##.yy# #..
##..y@# #.#
#....## #.[
##..## ### ####


You could see 3 spark wasps.

Vanquished Creatures
  Saint Roka (Depths:1)
  A bone dragon (Swamp:4)
  Jorgrun (D:13)
  The ghost of cbfl8 the Executioner, an adept MiBe of Trog (Snake:1)
  Kirke (D:13)
  A sphinx (Depths:1)
  Donald (Swamp:4)
  A fenstrider witch (Swamp:3)
  A fire giant (Depths:3)
  3 frost giants
  Aizul (Depths:1)
  5 nagarajas
  A ghoul (Swamp:3)
  A balrug (Depths:2)
  10 very ugly things (Depths:1)
  A reaper (Depths:2)
  3 stone giants
  An eleionoma (Swamp:1)
  A vampire knight (Depths:3)
  A spark wasp (Depths:3)
  5 bunyips
  3 ettins
  A blizzard demon (Depths:2)
  Snorg (Lair:6)
  2 fire dragons
  2 great orbs of eyes (Depths:2)
  2 jiangshi (Depths:1)
  A yaktaur captain (D:13)
  4 ice dragons
  2 rakshasas (Depths:1)
  2 spriggan air magi
  2 salamander tyrants
  2 catoblepae
  2 ghost crabs
  15 hydras
  5 boulder beetles
  8 naga warriors
  12 anacondas
  6 death yaks
  6 tengu warriors
  9 centaur warriors
  An alligator (Swamp:2)
  A two-headed ogre (D:13)
  4 deep troll shamans
  A spriggan berserker (Depths:3)
  3 soul eaters (Depths:2)
  9 naga sharpshooters
  4 deep troll earth magi (Depths:2)
  A hell knight (Depths:2)
  5 hell hogs (Depths:2)
  A vampire mage (Depths:1)
  4 orc high priests
  5 sun demons (Depths:2)
  Urug (Lair:5)
  7 shock serpents
  A salamander mystic (Snake:3)
  A fire crab (Lair:6)
  5 iron trolls
  4 goliath frogs
  2 deep trolls
  5 naga ritualists
  2 swamp dragons
  A glowing orange brain (Depths:1)
  A spriggan druid (Swamp:4)
  2 wizards
  5 bog bodies
  A spectral hydra (Swamp:4)
  A phantasmal warrior (Swamp:4)
  5 orc knights
  22 ugly things
  5 manticores
  7 orc sorcerers
  8 cyclopes
  17 salamanders
  10 mana vipers
  2 will-o-the-wisps (Swamp:3)
  Maurice (D:13)
  7 guardian serpents
  A rust devil (Depths:2)
  13 naga magi
  11 elephants
  A smoke demon (Depths:2)
  30 black mambas
  A torpor snail (Lair:5)
  14 cane toads
  An unseen horror (D:12)
  11 komodo dragons
  6 rime drakes
  A hellion (Depths:2)
  2 yaktaurs (D:13)
  2 tengu conjurers
  An efreet (D:9)
  2 swamp worm zombies (Swamp:4)
  3 meliai (D:15)
  A red devil (Depths:2)
  5 bloated husks
  7 tyrant leeches
  A queen bee (shapeshifter) (D:12)
  9 trolls
  10 polar bears (Lair:6)
  20 blink frogs
  2 hydra zombies (Swamp:4)
  3 alligator zombies (Swamp:4)
  3 raiju (Lair:6)
  A spectral swamp dragon (Swamp:4)
  5 wyverns
  2 vampires
  3 water elementals (Depths:1)
  4 basilisks
  3 wraiths
  34 yaks
  A ynoxinul (Depths:2)
  3 hogs (D:13)
  A steam dragon (D:9)
  2 chaos spawn (Depths:2)
  15 vampire mosquitoes
  A neqoxec (Depths:2)
  7 wargs
  2 acid dragons (Lair:6)
  11 swamp worms
  15 water moccasins
  A floating eye (Depths:1)
  32 nagas
  14 hell hounds (Lair:6)
  2 swamp drakes (Lair:6)
  29 orc warriors
  A sky beast (D:5)
  12 black bears
  3 necrophages
  2 swamp dragon zombies (Swamp:4)
  26 wolves
  8 ogres
  13 centaurs
  6 phantoms (Swamp:4)
  A kobold brigand (D:11)
  Blork the orc (D:4)
  9 bullfrogs
  4 gnoll sergeants
  3 scorpions
  5 wights (D:7)
  3 howler monkeys (D:11)
  A jelly (D:5)
  3 centaur zombies
  2 bullfrog zombies
  A gnoll shaman (D:6)
  22 orc priests
  5 hounds
  A centaur skeleton (D:4)
  6 iguanas
  21 orc wizards
  2 spectral swamp drakes (Swamp:4)
  5 hell rats (Lair:6)
  A killer bee zombie (D:8)
  A howler monkey skeleton (D:6)
  2 howler monkey zombies
  24 gnolls
  A swamp drake zombie (Swamp:4)
  8 adders
  3 shadow imps
  2 worms
  2 dart slugs
  77 orcs
  6 ball pythons
  6 bats
  6 endoplasms
  3 giant cockroaches
  7 goblins
  7 hobgoblins
  9 jackals
  4 quokkas
  5 frilled lizards
  11 kobolds
  2 rats
993 creatures vanquished.

Vanquished Creatures (collateral kills)
  A great orb of eyes (Depths:1)
  2 ghost crabs (Swamp:4)
  A spectral hydra (Swamp:4)
  A swamp worm zombie (Swamp:4)
  2 hydra zombies (Swamp:4)
  A spectral swamp dragon (Swamp:4)
  A yak (Lair:5)
  An orc warrior (Depths:1)
  A swamp dragon zombie (Swamp:4)
  A phantom (Swamp:4)
  A gnoll sergeant (D:6)
  A gnoll (D:6)
  5 orcs
  A ball python (D:4)
  A jackal (D:3)
21 creatures vanquished.

Vanquished Creatures (others)
  A wizard (D:14)
  3 bloated husks
  A yak (D:8)
  A hound (D:6)
  3 orc wizards
  A swamp drake zombie (Swamp:4)
  5 orcs
  A jackal (D:3)
  14 foxfires
  53 fungi
  121 plants
204 creatures vanquished.

Grand Total: 1218 creatures vanquished

Notes
Turn   | Place    | Note
-------+----------+-------------------------------------------
     0 | D:1      | tkbsonic5 the Hill Orc Berserker began the quest for the
                  | Orb.
     0 | D:1      | Reached XP level 1. HP: 19/19 MP: 1/1
   279 | D:1      | Reached XP level 2. HP: 27/27 MP: 2/2
   937 | D:2      | Reached XP level 3. HP: 32/33 MP: 3/3
  1016 | D:2      | Reached ** piety under Trog
  1589 | D:2      | Reached skill level 5 in Axes
  1589 | D:2      | Reached XP level 4. HP: 14/41 MP: 4/4
  1867 | D:2      | Identified the +1 ring mail of the Gloaming {rF+ rCorr
                  | Dex+4}
  2830 | D:3      | Noticed a kobold brigand
  2833 | D:3      | Noticed a small abomination
  2840 | D:3      | Found a transporter.
  2852 | D:3      | Found a one-way gate to the infinite horrors of the Abyss.
  2852 | D:3      | Noticed jjjjhere's ghost (amateur OgAM)
  3213 | D:3      | Found a transporter.
  3255 | D:3      | Reached skill level 1 in Shields
  3382 | D:3      | Reached XP level 5. HP: 47/47 MP: 5/5
  3671 | D:3      | Reached skill level 5 in Fighting
  3736 | D:4      | Noticed Blork the orc
  3745 | D:4      | Killed Blork the orc
  3746 | D:4      | Reached skill level 6 in Axes
  3746 | D:4      | Reached XP level 6. HP: 50/57 MP: 6/6
  3943 | D:4      | Found a staircase to the Ecumenical Temple.
  3980 | D:4      | Reached skill level 7 in Axes
  3980 | D:4      | Reached XP level 7. HP: 51/64 MP: 7/7
  4046 | D:4      | Found Wiuli's Magic Scroll Shop.
  4067 | D:4      | Bought a scroll of enchant weapon for 82 gold pieces
  4240 | D:4      | Found Quycet's Book Emporium.
  4436 | D:4      | Found Amur's Jewellery Emporium.
  4498 | D:4      | Reached skill level 8 in Axes
  4695 | D:5      | Entered Level 5 of the Dungeon
  4866 | D:4      | Bought a scroll of blinking for 82 gold pieces
  4959 | D:5      | Reached XP level 8. HP: 68/73 MP: 8/8
  5398 | D:5      | Reached skill level 9 in Axes
  5709 | D:6      | Reached *** piety under Trog
  6317 | D:6      | Reached XP level 9. HP: 55/83 MP: 9/9
  6326 | D:6      | Reached skill level 10 in Axes
  6395 | D:6      | Reached skill level 5 in Shields
  7633 | D:7      | Reached skill level 10 in Fighting
  7644 | D:7      | Reached skill level 11 in Axes
  8255 | D:7      | Found a flagged portal.
  8261 | D:7      | Reached **** piety under Trog
  9234 | D:8      | Reached XP level 10. HP: 92/94 MP: 10/10
  9731 | D:9      | Reached skill level 12 in Axes
  9773 | D:9      | Noticed a manticore
  9784 | D:9      | Killed a manticore
 10286 | D:9      | Found Orheyfiur's Armour Shoppe.
 10294 | D:9      | Bought a +2 kite shield for 165 gold pieces
 10315 | D:9      | Found Ceujeabb's Magic Scroll Shoppe.
 10315 | D:9      | Noticed a boulder beetle
 10325 | D:9      | Killed a boulder beetle
 10565 | D:9      | Noticed a manticore
 10972 | D:9      | Killed a manticore
 10973 | D:9      | Reached skill level 5 in Armour
 11293 | D:9      | Bought a scroll of teleportation for 45 gold pieces
 11344 | D:9      | Found Qaschu Paiveu's Magic Scroll Shop.
 11423 | D:9      | Found Baraisic's General Store.
 11437 | D:9      | Found Ceam's Assorted Antiques.
 11526 | D:9      | Found a hazy altar of Hepliaklqana.
 11838 | D:10     | Entered Level 10 of the Dungeon
 11838 | D:10     | Found Honiol's Lightly-Used Armoury.
 11844 | D:10     | Reached skill level 13 in Axes
 11855 | D:10     | Reached XP level 11. HP: 73/104 MP: 11/11
 13040 | D:10     | Found a staircase to the Lair.
 14072 | D:10     | Bought a -2 triple crossbow for 1 gold piece
 14171 | D:11     | Noticed a four-headed hydra
 14182 | D:11     | HP: 5/157 [12-headed hydra (12)]
 14915 | D:11     | Reached skill level 1 in Crossbows
 15200 | D:11     | Killed a 12-headed hydra
 16254 | Lair:1   | Entered Level 1 of the Lair of Beasts
 16611 | Lair:1   | Noticed a five-headed hydra
 16630 | Lair:1   | Killed a five-headed hydra
 16631 | Lair:1   | Reached skill level 14 in Axes
 16649 | Lair:1   | HP: 4/105 [yak (8)]
 16651 | D:10     | HP: 1/105 [yak (4)]
 17501 | Lair:1   | Noticed a six-headed hydra
 17512 | Lair:1   | Killed a six-headed hydra
 17513 | Lair:1   | Reached skill level 5 in Dodging
 17513 | Lair:1   | Reached XP level 12. HP: 113/113 MP: 12/12
 18875 | Lair:2   | Noticed a five-headed hydra
 19387 | Lair:1   | Killed a five-headed hydra
 19880 | Lair:2   | Found a staircase to the Snake Pit.
 21086 | Lair:3   | Reached skill level 15 in Axes
 21681 | Lair:3   | Found a staircase to the Swamp.
 21691 | Lair:3   | Reached skill level 5 in Crossbows
 21872 | Lair:3   | Noticed a seven-headed hydra
 21883 | Lair:3   | Killed a seven-headed hydra
 22398 | Lair:4   | Reached XP level 13. HP: 109/122 MP: 13/13
 22546 | Lair:4   | Reached skill level 1 in Evocations
 24132 | Lair:4   | Identified the +2 ring mail of Vexation {rF+ Slay+2}
 24310 | Lair:5   | Noticed Urug
 24318 | Lair:5   | Killed Urug
 24652 | Lair:5   | Reached skill level 16 in Axes
 25137 | Lair:5   | Reached skill level 10 in Armour
 25427 | Lair:5   | Noticed Snorg
 25537 | Lair:5   | Found a viscous altar of Jiyva.
 25551 | Lair:5   | Found a staircase to the Slime Pits.
 26015 | Lair:6   | Entered Level 6 of the Lair of Beasts
 26084 | Lair:6   | Killed Snorg
 26517 | Lair:6   | Reached skill level 1 in Throwing
 26524 | Lair:6   | Reached ***** piety under Trog
 26525 | Lair:6   | Reached XP level 14. HP: 54/132 MP: 14/14
 26857 | Lair:6   | Reached skill level 17 in Axes
 27308 | Lair:6   | Reached skill level 18 in Axes
 27308 | Lair:6   | Reached XP level 15. HP: 138/138 MP: 15/15
 27612 | Lair:6   | Reached skill level 19 in Axes
 29106 | D:12     | Found a frozen archway.
 29260 | D:12     | Found a staircase to the Orcish Mines.
 29339 | D:12     | Found Dahini's Distillery.
 29497 | D:4      | Bought the ring of Zigu {Fire rElec Str+6 Int-4 Slay+2} for
                  | 516 gold pieces
 30209 | D:13     | Noticed Jorgrun
 30220 | D:13     | Killed Jorgrun
 30401 | D:13     | Noticed Maurice
 30405 | D:13     | Noticed Kirke
 30409 | D:13     | Killed Maurice
 30427 | D:13     | Killed Kirke
 30476 | D:13     | Found a runed translucent door.
 31019 | D:13     | Reached skill level 15 in Fighting
 31080 | D:13     | Found a gate to the Vaults.
 31296 | D:14     | Reached XP level 16. HP: 133/149 MP: 16/16
 31341 | D:14     | Reached skill level 20 in Axes
 31836 | D:14     | Identified the +7 executioner's axe of the Wasteland
                  | {vorpal, Str+3} (Trog gifted it to you on level 14 of the
                  | Dungeon)
 31836 | D:14     | Received a gift from Trog
 32174 | D:14     | Found a portal to a secret trove of treasure.
 32466 | D:14     | You fall into a shaft and drop 1 floor!
 32466 | D:15     | Entered Level 15 of the Dungeon
 33398 | D:15     | Found a staircase to the Depths.
 33785 | D:15     | Found a blossoming altar of Fedhas.
 34173 | Orc:1    | Entered Level 1 of the Orcish Mines
 34296 | Orc:1    | Reached skill level 5 in Throwing
 34620 | Orc:2    | Entered Level 2 of the Orcish Mines
 34946 | Orc:2    | Received a gift from Trog
 34968 | Orc:2    | Reached ****** piety under Trog
 35061 | Orc:2    | Found Romm's Assorted Antiques.
 35071 | Orc:2    | Bought a scroll of teleportation for 81 gold pieces
 35184 | D:10     | Bought -1 gold dragon scales for 750 gold pieces
 35314 | Orc:2    | Found Siorouna's Antique Weapon Boutique.
 35520 | D:4      | Bought a scroll of enchant armour for 82 gold pieces
 35766 | Orc:2    | Found Cuchis's Antique Weapon Emporium.
 35805 | Orc:2    | Found Pouree's Magic Scroll Boutique.
 36193 | Orc:2    | Found Qizoh's Weapon Boutique.
 36316 | Orc:2    | Found a staircase to the Elven Halls.
 36811 | Orc:2    | Found Cen Ikol's Weapon Shoppe.
 36828 | Orc:2    | Bought a scroll of enchant armour for 112 gold pieces
 36828 | Orc:2    | Bought a scroll of enchant armour for 112 gold pieces
 36833 | Orc:2    | Found Edwavvas's Distillery.
 36835 | Orc:2    | Found Dumatt's Weapon Boutique.
 36841 | Orc:2    | Bought a potion of heal wounds for 75 gold pieces
 36920 | Orc:2    | Found Jobiaw's General Store.
 37191 | Snake:1  | Entered Level 1 of the Snake Pit
 37430 | Snake:1  | Found a runed translucent door.
 37435 | Snake:1  | Noticed cbfl8's ghost (adept MiBe)
 37585 | Snake:1  | Killed cbfl8's ghost
 37586 | Snake:1  | Reached skill level 21 in Axes
 37686 | Snake:1  | Identified a scroll of acquirement
 37687 | Snake:1  | Acquired the +1 pair of gloves "Nuiklan" {rCorr Int+4}
 38236 | Snake:1  | Found Xuhyawn's Antique Armour Boutique.
 38283 | Snake:2  | Identified the +4 battleaxe "Nonlemn" {vorpal, rPois} (Trog
                  | gifted it to you on level 2 of the Snake Pit)
 38283 | Snake:2  | Received a gift from Trog
 38284 | Snake:2  | Reached XP level 17. HP: 159/159 MP: 17/17
 39804 | Snake:2  | Found a blossoming altar of Fedhas.
 40564 | Snake:3  | Identified the +1 pair of gloves "Cehotile" {Str+3}
 41002 | Snake:3  | Received a gift from Trog
 41719 | Snake:4  | Entered Level 4 of the Snake Pit
 41885 | Snake:4  | Reached skill level 15 in Armour
 42364 | Snake:4  | Reached skill level 22 in Axes
 42940 | Snake:4  | Reached XP level 18. HP: 136/171 MP: 18/18
 42945 | Snake:4  | Received a gift from Trog
 43370 | Snake:4  | Got a serpentine rune of Zot
 43755 | Swamp:1  | Entered Level 1 of the Swamp
 43755 | Swamp:1  | Found a blossoming altar of Fedhas.
 43766 | Swamp:1  | Reached skill level 10 in Crossbows
 44869 | Swamp:4  | Entered Level 4 of the Swamp
 45337 | Swamp:3  | Paralysed by a fenstrider witch for 2 turns
 46237 | Swamp:4  | Noticed Donald
 46291 | Swamp:4  | Killed Donald
 46397 | Swamp:4  | Received a gift from Trog
 46405 | Swamp:4  | Noticed a bone dragon
 46427 | Swamp:4  | Killed a bone dragon
 46479 | Swamp:4  | Got a decaying rune of Zot
 47028 | Depths:1 | Entered Level 1 of the Depths
 47187 | Depths:1 | Paralysed by a floating eye for 3 turns
 47242 | Depths:1 | Reached skill level 23 in Axes
 47379 | Depths:1 | Noticed Aizul
 47393 | Depths:1 | Killed Aizul
 47563 | Depths:1 | Noticed Saint Roka
 47579 | Depths:1 | Killed Saint Roka
 47580 | Depths:1 | Reached XP level 19. HP: 158/181 MP: 19/19
 48139 | Depths:1 | Found a gateway to Hell.
 48358 | Depths:1 | Found a radiant altar of Vehumet.
 48929 | Depths:2 | Found a one-way gate leading to the halls of Pandemonium.
 49093 | Depths:2 | Received a gift from Trog
 49094 | Depths:2 | Reached skill level 5 in Evocations
 50844 | Depths:3 | Noticed a juggernaut
 50856 | Depths:3 | HP: 5/183 [spark wasp (6)]
 50856 | Depths:3 | HP: 1/183 [spark wasp (4)]
 50857 | Depths:3 | Killed from afar by a spark wasp

Illustrated notes

Levels and vault maps discovered:
D:1:      dpeg_arrival_another_circle, layout_basic
D:2:      layout_loops_ring
D:3:      layout_basic, gammafunk_ghost_abyssal_escape
D:4:      layout_rooms, minmay_temple_entry_glass, serial_shops,
          nicolae_shop_trees, shop, nicolae_shop_behind_doors,
          uniq_blork_the_orc
D:5:      minmay_inner_zag, layout_loops_cross, minmay_misc_feat_diagonals
D:6:      layout_cave_pools, serial_gnoll_camp, gnoll_camp_mini_doghouse,
          gnoll_camp_mini_house, gnoll_camp_medium_01, gnoll_camp_mini_basic,
          gnoll_camp_mini_hut, serial_park_tiny_1, kennysheep_generic_room_11
D:7:      layout_basic, enter_bailey_3, kennysheep_boxes
D:8:      layout_rooms, feat_on_display, uniq_grum
D:9:      minmay_blocky_corners, layout_cave_pools, general_overflow_altar,
          serial_shops, nicolae_shop_trees, nicolae_stop_n_shop_1, shop,
          nicolae_shop_stone, shop
D:10:     layout_gridville, david_lair_shrubbed, minmay_shop_damaged
D:11:     layout_loops_corners
D:12:     layout_long_grid, david_orc_3, portal_ice_cave_rime, serial_shops,
          shop
D:13:     cheibrodos_shockbox, layout_loops_ring, david_vaults_2, uniq_maurice,
          uniq_jorgrun, uniq_kirke
D:14:     layout_irregular_city, kennysheep_cluttered_room, enter_trove_1
D:15:     grunt_enter_depths_snipers, layout_irregular_city,
          grunt_decor_fettered, tgw_fedhas
Lair:1:   layout_cave_pods
Lair:2:   layout_long_grid, guppyfry_snake_entry_garden,
          grunt_forest_stairs_basic, patterned_corridor
Lair:3:   layout_small_grid, swamp_mist_pool, serial_bayou_shore_a
Lair:4:   layout_cave_pods
Lair:5:   layout_cave_pods, slime_altar_1, grunt_megastairs_2, uniq_snorg,
          uniq_urug
Lair:6:   hangedman_lair_caniforms_friends, layout_cellular_growth,
          guppyfry_lair_end_dragon
Swamp:1:  layout_falls_marsh, ebering_ghost_rock_garden, basic_altar,
          swamp_pool1, nicolae_swamp_super_fun_site
Swamp:2:  layout_basic_swamp, nicolae_swamp_orc_logging_accident, swamp_pool1
Swamp:3:  layout_basic_swamp, nicolae_swamp_little_swirl
Swamp:4:  swamp_pestilence, layout_basic_swamp, swamp_pool3, uniq_donald
Snake:1:  layout_cave_pods, hellmonk_ghost_happy_afterlife, serial_shops, shop
Snake:2:  layout_layer_cave, basic_altar, st_stairs_3
Snake:3:  layout_grid_maze
Snake:4:  johnstein_snake_rune_scales, layout_cave_town,
          hangedman_snake_pattern, uniq_vashnia
Orc:1:    layout_diamond_mine
Orc:2:    st_orc_elflike, layout_caves, serial_shops,
          nicolae_shop_bloodbath_and_beyond,
          nicolae_shop_competitors_out_of_business, shop,
          nicolae_shop_statue_plus, shop
Depths:1: layout_big_octagon, pf_hell_entry_tar_spiral, abyss_entry,
          vehumet_crystals, serial_sigils_hangedman_gnaw,
          kennysheep_generic_room_2, uniq_aizul, uniq_saint_roka
Depths:2: kennysheep_spiral_hall, layout_gridlike, hellmouth_2,
          grunt_pan_entry_spiral
Depths:3: nzn_winding_woodlands_cross [nzn_winding_woodlands_5x15_twine,
          nzn_winding_woodlands_5x15_split_checker,
          nzn_winding_woodlands_5x15_concentric,
          nzn_winding_woodlands_5x15_pathside_ponds,
          nzn_winding_woodlands_15x15_thick_spiral], layout_twisted_cross,
          grunt_pan_entry_zigzag, abyss_entry_crystal, pf_hell_entry_great_geh,
          hangedman_abyss_or_decor_stagger, minmay_misc_feat_encased,
          hangedman_abyss_or_decor_passed, minmay_staircase_statues

Skill      XL: |  1  2  3  4  5  6  7  8  9 10 11 12 13 14 15 16 17 18 19 |
---------------+----------------------------------------------------------+-----
Fighting       | 4 5 6 7 9 10 12 13 14 15 16 17 18 19 | 19.3
Axes           | 5 6 7 8 9 11 13 14 15 16 18 19 21 22 23 | 23.3
Armour         | 3 5 7 8 10 11 12 14 15 16 17 | 17.1
Shields        | 1 2 3 4 6 7 8 |  8.6
Dodging        | 2 3 5 6 7 8 |  8.2
Crossbows      | 3 5 7 8 9 10 | 10.7
Evocations     | 3 4 5 |  5.8
Throwing       | 1 4 5 6 7 9 |  9.0

Action                   |  1- 3 |  4- 6 |  7- 9 | 10-12 | 13-15 | 16-18 | 19-21 || total
-------------------------+-------+-------+-------+-------+-------+-------+-------++-------
Melee: Hand axe          |    91 |   107 |   165 |    46 |       |       |       ||   409
       Punch             |       |     1 |     3 |     1 |     2 |       |       ||     7
       Battleaxe         |       |       |    75 |   305 |   476 |   478 |   189 ||  1523
       Mace              |       |       |       |    55 |    57 |       |       ||   112
       War axe           |       |       |       |    35 |       |       |       ||    35
       Executioner's axe |       |       |       |       |       |   388 |       ||   388
 Fire: Hand crossbow     |       |       |       |    39 |    24 |    27 |       ||    90
Throw: Dart              |    42 |    11 |    57 |    96 |    49 |    45 |    16 ||   316
       Boomerang         |       |       |    65 |    22 |    27 |   217 |    91 ||   422
       Throwing net      |       |       |     1 |     3 |     1 |       |       ||     5
       Javelin           |       |       |       |       |    26 |    49 |       ||    75
Invok: Berserk           |       |     2 |     3 |    11 |     7 |     5 |     3 ||    31
       Trog's Hand       |       |     1 |       |     3 |     1 |     7 |     2 ||    14
       Brothers in Arms  |       |       |       |       |     1 |     4 |     1 ||     6
Evoke: Wand              |       |       |     3 |    14 |    53 |    25 |       ||    95
       Tin of tremorston |       |       |       |       |     3 |     4 |     3 ||    10
       Lightning rod     |       |       |       |       |       |     2 |     2 ||     4
       Phial of floods   |       |       |       |       |       |       |     1 ||     1
  Use: Scroll            |       |       |    14 |    10 |    15 |    16 |     4 ||    59
       Potion            |       |       |     1 |     5 |     9 |     6 |     1 ||    22
 Stab: Sleeping          |     1 |       |       |       |       |       |       ||     1
       Held in net/web   |       |       |       |     1 |       |       |       ||     1
       Paralysed         |       |       |       |       |    10 |       |       ||    10
       Betrayed ally     |       |       |       |       |     1 |       |       ||     1
       Confused          |       |       |       |       |     1 |       |       ||     1
       Invisible         |       |       |       |       |       |     6 |       ||     6
       Distracted        |       |       |       |       |       |     3 |       ||     3
Armor: Animal skin       |    26 |       |       |       |       |       |       ||    26
       Ring mail         |       |    37 |    11 |       |       |       |       ||    48
       Plate armour      |       |       |   131 |   282 |   355 |   123 |       ||   891
       Skin              |       |       |       |       |     1 |       |       ||     1
       Gold dragon scale |       |       |       |       |       |   435 |   111 ||   546
Dodge: Dodged            |    62 |    45 |   118 |   171 |   206 |   352 |    52 ||  1006
Block: Tower shield      |       |    28 |       |       |       |       |       ||    28
       Kite shield       |       |       |       |    86 |       |       |       ||    86
       Other             |       |       |       |       |    23 |   158 |    25 ||   206
       Reflection        |       |       |       |       |       |    15 |     3 ||    18
